YL
LANE COVE FLAMES @ NARRABEEN WAVES
06/02/2022
 
TOP OF THE 1ST
Lane Cove Flames batting - Pitching for Narrabeen Waves : LHP Jarret Dibble
Pitching: LHP Jarret Dibble
Batting: LHB Dylan Hokulani 0-0: Called Strike
0-1: Foul Ball, location: 5F
0-2: Ball
1-2: Foul Ball, location: 3FF
1-2: DOUBLE (Flyball, 8LXD, EV 99.4 MPH)
Batting: RHB Gerard Crump 0-0: Foul Ball, location: 2F
0-1: Foul Ball, location: 7LSF
0-2: Ball
1-2: Strikes out looking
Batting: LHB O.D. Inions 0-0: Ball
1-0: Swinging Strike
1-1: Foul Ball, location: 2F
1-2: Foul Ball, location: 2F
1-2: Ball
2-2: Foul Ball, location: 2F
2-2: Foul Ball, location: 23F
2-2: SINGLE (Line Drive, 7S, EV 108.1 MPH)
Dylan Hokulani to third
Batting: RHB Rudy Abercrombie 0-0: Ball
1-0: Grounds into double play, 6-4-3 (Groundball, 6, EV 81.3 MPH)
Top of the 1st over - 0 runs, 2 hits, 0 errors, 1 left on base; Lane Cove 0 - Narrabeen 0
BOTTOM OF THE 1ST
Narrabeen Waves batting - Pitching for Lane Cove Flames : RHP Reece Smyth
Pitching: RHP Reece Smyth
Batting: RHB Silas Nevell 0-0: Foul Ball, location: 2F
0-1: Called Strike
0-2: Ball
1-2: Ball
2-2: SINGLE (Groundball, 6, EV 99.4 MPH) (infield hit)
Batting: RHB Todd Bryan 0-0: SINGLE (Groundball, 4, EV 82.5 MPH)
Silas Nevell to second
Batting: RHB Rickie Purvis 0-0: Ball
1-0: Ball
2-0: Ball
3-0: Called Strike
3-1: Base on Balls
Silas Nevell to third
Todd Bryan to second
Batting: RHB David Brittain 0-0: Ball
1-0: Ball
2-0: Called Strike
2-1: Foul Ball, location: 3FF
2-2: Ball
3-2: Reached via error on a dropped throw from 3B, E3 (Groundball, 56S, EV 73.1 MPH)
Silas Nevell scores
Todd Bryan to third
Rickie Purvis to second
Batting: RHB John Dulihanty 0-0: Swinging Strike
0-1: Grounds into double play, 6-4-3 (Groundball, 6, EV 89.4 MPH)
Todd Bryan scores
Rickie Purvis to third
Batting: RHB Junior Haynes 0-0: Ball
1-0: Foul Ball, location: 2F
1-1: Ball
2-1: Swinging Strike
2-2: Fly out, F9 (Line Drive, 8RS, EV 89.4 MPH)
Bottom of the 1st over - 2 runs, 2 hits, 1 error, 1 left on base; Lane Cove 0 - Narrabeen 2
TOP OF THE 2ND
Lane Cove Flames batting - Pitching for Narrabeen Waves : LHP Jarret Dibble
Batting: RHB Chris Raw 0-0: Fly out, F9 (Flyball, 89M, EV 91.9 MPH)
Batting: RHB Liam Scarborough 0-0: Ball
1-0: Ball
2-0: Fly out, F6 (Popup, 6, EV 58.1 MPH)
Batting: RHB Devin Nicolau 0-0: Called Strike
0-1: Swinging Strike
0-2: Strikes out looking
Top of the 2nd over - 0 runs, 0 hits, 0 errors, 0 left on base; Lane Cove 0 - Narrabeen 2
BOTTOM OF THE 2ND
Narrabeen Waves batting - Pitching for Lane Cove Flames : RHP Reece Smyth
Batting: RHB Ivan Eykelbosch 0-0: Ball
1-0: Swinging Strike
1-1: Foul Ball, location: 2F
1-2: Ball
2-2: Strikes out looking
Batting: RHB Luke Courtier 0-0: Foul Ball, location: 9LMF
0-1: Ball
1-1: Ball
2-1: Fly out, F8 (Line Drive, 8LM, EV 96.9 MPH)
Batting: RHB Tony Dalton 0-0: Swinging Strike
0-1: Ball
1-1: Ball
2-1: Ball
3-1: Swinging Strike
3-2: Fly out, F9 (Flyball, 9LM, EV 90.0 MPH)
Bottom of the 2nd over - 0 runs, 0 hits, 0 errors, 0 left on base; Lane Cove 0 - Narrabeen 2
TOP OF THE 3RD
Lane Cove Flames batting - Pitching for Narrabeen Waves : LHP Jarret Dibble
Batting: RHB Zayne Freegard 0-0: SINGLE (Groundball, 5D, EV 79.4 MPH) (infield hit)
Batting: SHB Mark Desforges 0-0: Sac Bunt to 23 - play at first, batter OUT! 3-4
Zayne Freegard to second
Batting: LHB Dylan Hokulani 0-0: Called Strike
0-1: Ball
1-1: Foul Ball, location: 23F
1-2: Ball
2-2: Ground out 1-3 (Groundball, 34S, EV 65.6 MPH)
Batting: RHB Gerard Crump 0-0: Ball
1-0: Fly out, F8 (Line Drive, 8RM, EV 85.6 MPH)
Top of the 3rd over - 0 runs, 1 hit, 0 errors, 1 left on base; Lane Cove 0 - Narrabeen 2
BOTTOM OF THE 3RD
Narrabeen Waves batting - Pitching for Lane Cove Flames : RHP Reece Smyth
Batting: RHB Silas Nevell 0-0: Called Strike
0-1: Foul Ball, location: 5F
0-2: Strikes out looking
Batting: RHB Todd Bryan 0-0: Foul Ball, location: 23F
0-1: Ball
1-1: DOUBLE (Flyball, 89XD, EV 112.5 MPH)
Batting: RHB Rickie Purvis 0-0: Called Strike
0-1: Foul Ball, location: 9LMF
0-2: Ball
1-2: Ball
2-2: Ball
3-2: Foul Ball, location: 3F
3-2: Ground out 6-3 (Groundball, 56, EV 105.0 MPH)
Batting: RHB David Brittain 0-0: Ball
1-0: Foul Ball, location: 5FF
1-1: Ball
2-1: Ball
3-1: Base on Balls
Batting: RHB John Dulihanty 0-0: Called Strike
0-1: Ball
1-1: Ball
2-1: Ball
3-1: Base on Balls
Todd Bryan to third
David Brittain to second
Batting: RHB Junior Haynes 0-0: Called Strike
0-1: Ball
1-1: Swinging Strike
1-2: SINGLE (Line Drive, 89S, EV 106.3 MPH)
Todd Bryan scores
David Brittain to third
John Dulihanty to second
Runner from 3rd tries for Home, throw by RF and OUT! 9-2
Bottom of the 3rd over - 1 run, 2 hits, 0 errors, 2 left on base; Lane Cove 0 - Narrabeen 3
TOP OF THE 4TH
Lane Cove Flames batting - Pitching for Narrabeen Waves : LHP Jarret Dibble
Batting: LHB O.D. Inions 0-0: Ball
1-0: Ball
2-0: SINGLE (Flyball, 78M, EV 86.9 MPH)
Batting: RHB Rudy Abercrombie 0-0: Called Strike
0-1: Ball
1-1: Fly out, F7 (Flyball, 78S, EV 88.1 MPH)
Batting: RHB Chris Raw 0-0: Foul Ball, location: 2F
0-1: Ball
1-1: Fly out, F8 (Flyball, 8LS, EV 96.3 MPH)
Batting: RHB Liam Scarborough 0-0: Called Strike
0-1: Foul Ball, location: 2LF
0-2: Strikes out swinging
Top of the 4th over - 0 runs, 1 hit, 0 errors, 1 left on base; Lane Cove 0 - Narrabeen 3
BOTTOM OF THE 4TH
Narrabeen Waves batting - Pitching for Lane Cove Flames : RHP Reece Smyth
Batting: RHB Ivan Eykelbosch 0-0: Called Strike
0-1: Ball
1-1: Ground out 4-3 (Groundball, 4, EV 83.1 MPH)
Batting: RHB Luke Courtier 0-0: Ball
1-0: Swinging Strike
1-1: Ball
2-1: Ground out 6-3 (Groundball, 6, EV 85.6 MPH)
Batting: RHB Tony Dalton 0-0: Called Strike
0-1: Ball
1-1: Ball
2-1: Foul Ball, location: 2F
2-2: Strikes out swinging
Bottom of the 4th over - 0 runs, 0 hits, 0 errors, 0 left on base; Lane Cove 0 - Narrabeen 3
TOP OF THE 5TH
Lane Cove Flames batting - Pitching for Narrabeen Waves : LHP Jarret Dibble
Batting: RHB Devin Nicolau 0-0: Foul Ball, location: 9LSF
0-1: Ball
1-1: Ball
2-1: SINGLE (Line Drive, 8LS, EV 103.8 MPH)
Batting: RHB Zayne Freegard 0-0: Ball
1-0: SINGLE (Groundball, 4MS, EV 69.4 MPH) (infield hit)
Devin Nicolau to second
Batting: SHB Mark Desforges 0-0: Ball
1-0: Bunted foul
1-1: Bunted foul
1-2: Ball
2-2: Foul Ball, location: 2F
2-2: Strikes out swinging
Batting: LHB Dylan Hokulani 0-0: Called Strike
0-1: SINGLE (Groundball, 34D, EV 101.3 MPH)
Devin Nicolau to third
Zayne Freegard to second
Runner from 3rd tries for Home, SAFE, throw by RF to home
Batting: RHB Gerard Crump 0-0: Foul Ball, location: 2F
0-1: Called Strike
0-2: Ball
1-2: Strikes out looking
Batting: LHB O.D. Inions 0-0: Ball
1-0: Called Strike
1-1: DOUBLE (Flyball, 89XD, EV 100.0 MPH)
Zayne Freegard scores
Dylan Hokulani to third
Batting: RHB Rudy Abercrombie 0-0: SINGLE (Line Drive, 56, EV 105.0 MPH)
Dylan Hokulani scores
O.D. Inions to third
Runner from 3rd tries for Home, SAFE, throw by LF to home
Batting: RHB Chris Raw 0-0: Called Strike
0-1: Called Strike
0-2: Ball
1-2: Fly out, F9 (Flyball, 89M, EV 82.5 MPH)
Top of the 5th over - 4 runs, 5 hits, 0 errors, 1 left on base; Lane Cove 4 - Narrabeen 3
BOTTOM OF THE 5TH
Narrabeen Waves batting - Pitching for Lane Cove Flames : RHP Reece Smyth
Batting: RHB Silas Nevell 0-0: Ball
1-0: Foul Ball, location: 2F
1-1: Foul Ball, location: 5SF
1-2: Strikes out swinging
Batting: RHB Todd Bryan 0-0: Fly out, F4 (Popup, 4, EV 66.9 MPH)
Batting: RHB Rickie Purvis 0-0: Ball
1-0: Ball
2-0: Ball
3-0: Base on Balls
Batting: RHB David Brittain 0-0: Ball
1-0: Foul Ball, location: 3F
1-1: Called Strike
1-2: Ball
2-2: Fielders Choice at 2nd, 6-4 (Groundball, 6D, EV 81.9 MPH)
Bottom of the 5th over - 0 runs, 0 hits, 0 errors, 1 left on base; Lane Cove 4 - Narrabeen 3
TOP OF THE 6TH
Lane Cove Flames batting - Pitching for Narrabeen Waves : LHP Jarret Dibble
Batting: RHB Liam Scarborough 0-0: Called Strike
0-1: Ball
1-1: Foul Ball, location: 9LDF
1-2: Strikes out swinging
Batting: RHB Devin Nicolau 0-0: Called Strike
0-1: Foul Ball, location: 23FF
0-2: Ball
1-2: Foul Ball, location: 2F
1-2: Ground out 3-1 (Groundball, 34, EV 96.9 MPH)
Batting: RHB Zayne Freegard 0-0: SINGLE (Groundball, 34D, EV 98.8 MPH)
Batting: SHB Mark Desforges 0-0: Ball
1-0: Foul Ball, location: 7LMF
1-1: Ball
2-1: Swinging Strike
2-2: Fly out, F9 (Flyball, 9, EV 91.9 MPH)
Top of the 6th over - 0 runs, 1 hit, 0 errors, 1 left on base; Lane Cove 4 - Narrabeen 3
BOTTOM OF THE 6TH
Narrabeen Waves batting - Pitching for Lane Cove Flames : RHP Reece Smyth
Pitching: RHP Casee Rutledge
Pinch Hitting: RHB Dally Taintey 0-0: Ball
1-0: Ball
2-0: Foul Ball, location: 5SF
2-1: Ball
3-1: Fly out, F3 (Popup, 3SF, EV 76.9 MPH)
Batting: RHB Junior Haynes 0-0: Called Strike
0-1: Ball
1-1: Ball
2-1: Ball
3-1: Foul Ball, location: 3DF
3-2: Strikes out looking
Pinch Hitting: LHB Kevin Shore 0-0: Swinging Strike
0-1: Ball
1-1: DOUBLE (Line Drive, 9LS, EV 110.0 MPH)
Pinch Hitting: SHB Michael Bodle 0-0: Ball
1-0: Called Strike
1-1: Ball
2-1: Foul Ball, location: 2F
2-2: Ground out 3-1 (Groundball, 34S, EV 85.0 MPH)
Bottom of the 6th over - 0 runs, 1 hit, 0 errors, 1 left on base; Lane Cove 4 - Narrabeen 3
TOP OF THE 7TH
Lane Cove Flames batting - Pitching for Narrabeen Waves : LHP Jarret Dibble
Now at 1B: Kevin Shore
Now at 3B: Barret Scanlan
Now at SS: Michael Bodle
Batting: LHB Dylan Hokulani 0-0: Called Strike
0-1: Called Strike
0-2: Ball
1-2: Strikes out looking
Batting: RHB Gerard Crump 0-0: Fly out, F7 (Flyball, 7D, EV 95.6 MPH)
Batting: LHB O.D. Inions 0-0: Ball
1-0: Ground out 4-3 (Groundball, 34, EV 96.9 MPH)
Top of the 7th over - 0 runs, 0 hits, 0 errors, 0 left on base; Lane Cove 4 - Narrabeen 3
BOTTOM OF THE 7TH
Narrabeen Waves batting - Pitching for Lane Cove Flames : RHP Casee Rutledge
Now at 2B: Alan Carylyon
Now at 3B: Corkie Shoebotham
Now in RF: Sammy Holden
Batting: RHB Tony Dalton 0-0: Ball
1-0: Fly out, F8 (Flyball, 8RD, EV 109.4 MPH)
Batting: RHB Silas Nevell 0-0: Ball
1-0: Foul Ball, location: 9LMFF
1-1: Called Strike
1-2: Strikes out swinging
Batting: RHB Todd Bryan 0-0: Called Strike
0-1: Ball
1-1: Ball
2-1: Swinging Strike
2-2: Strikes out swinging
Bottom of the 7th over - 0 runs, 0 hits, 0 errors, 0 left on base; Lane Cove 4 - Narrabeen 3
TOP OF THE 8TH
Lane Cove Flames batting - Pitching for Narrabeen Waves : LHP Jarret Dibble
Batting: RHB Rudy Abercrombie 0-0: Ball
1-0: Foul Ball, location: 2F
1-1: Fly out, F8 (Flyball, 8RXD, EV 91.9 MPH)
Batting: RHB Chris Raw 0-0: Ball
1-0: Ball
2-0: Ground out 2-3 (Groundball, 15S, EV 69.4 MPH)
Batting: RHB Liam Scarborough 0-0: Called Strike
0-1: Swinging Strike
0-2: Ball
1-2: Ball
2-2: Ball
3-2: Foul Ball, location: 2RF
3-2: Ground out U3 (Groundball, 34, EV 82.5 MPH)
Top of the 8th over - 0 runs, 0 hits, 0 errors, 0 left on base; Lane Cove 4 - Narrabeen 3
BOTTOM OF THE 8TH
Narrabeen Waves batting - Pitching for Lane Cove Flames : RHP Casee Rutledge
Batting: RHB Rickie Purvis 0-0: Ball
1-0: Called Strike
1-1: Foul Ball, location: 2F
1-2: Ball
2-2: Ball
3-2: Ground out 4-3 (Groundball, 4, EV 86.3 MPH)
Batting: RHB David Brittain 0-0: Foul Ball, location: 2F
0-1: Ball
1-1: Ball
2-1: Foul Ball, location: 3F
2-2: Ball
3-2: Base on Balls
Batting: RHB Barret Scanlan 0-0: Ball
1-0: Ball
2-0: Foul Ball, location: 3FF
2-1: Foul Ball, location: 23F
2-2: Ball
3-2: Fly out, F8 (Flyball, 8LM, EV 100.0 MPH)
Pinch Hitting: RHB Matthew Bell 0-0: Called Strike
0-1: Ball
1-1: Foul Ball, location: 9LSF
1-2: Ball
2-2: Ball
3-2: Foul Ball, location: 2F
3-2: Foul Ball, location: 2LF
3-2: Base on Balls
David Brittain to second
Pitching: RHP Lionel Flux
Batting: LHB Kevin Shore 0-0: Swinging Strike
0-1: Ground out 1-3 (Groundball, 13, EV 67.5 MPH)
Bottom of the 8th over - 0 runs, 0 hits, 0 errors, 2 left on base; Lane Cove 4 - Narrabeen 3
TOP OF THE 9TH
Lane Cove Flames batting - Pitching for Narrabeen Waves : LHP Jarret Dibble
Pitching: RHP Jason Urry
Now at 1B: Matthew Bell
Now in LF: Kevin Shore
Pinch Hitting: LHB Alan Ruggles 0-0: Ball
1-0: Foul Ball, location: 9LMF
1-1: Ball
2-1: Called Strike
2-2: Foul Ball, location: 5FF
2-2: Fly out, F8 (Flyball, 8RXD, EV 91.3 MPH)
Batting: RHB Corkie Shoebotham 0-0: Called Strike
0-1: Foul Ball, location: 9LSFF
0-2: Foul Ball, location: 3SF
0-2: Foul Ball, location: 2F
0-2: Foul Ball, location: 3F
0-2: Ball
1-2: Ball
2-2: Foul Ball, location: 2F
2-2: Foul Ball, location: 9LMF
2-2: Foul Ball, location: 2F
2-2: Fly out, F6 (Popup, 4MD, EV 56.9 MPH)
Batting: LHB Sammy Holden 0-0: Fly out, F7 (Flyball, 7S, EV 73.8 MPH)
Top of the 9th over - 0 runs, 0 hits, 0 errors, 0 left on base; Lane Cove 4 - Narrabeen 3
BOTTOM OF THE 9TH
Narrabeen Waves batting - Pitching for Lane Cove Flames : RHP Lionel Flux
Pitching: RHP Nigel Millar
Now at 1B: Alan Ruggles
Batting: SHB Michael Bodle 0-0: Ground out 6-3 (Groundball, 6M, EV 82.5 MPH)
Pinch Hitting: RHB Michael Kneen 0-0: Ball
1-0: DOUBLE (Flyball, 8RXD, EV 101.3 MPH)
Batting: RHB Silas Nevell 0-0: Ball
1-0: SINGLE (Line Drive, 6D, EV 94.4 MPH)
Michael Kneen to third
Runner from 3rd tries for Home, SAFE, throw by LF to home
Silas Nevell to second
Batting: RHB Todd Bryan 0-0: DOUBLE (Flyball, 78D, EV 88.8 MPH)
Silas Nevell scores
Bottom of the 9th over - 2 runs, 3 hits, 0 errors, 1 left on base; Lane Cove 4 - Narrabeen 5
Thursday, May 2nd , 2024 - OOTP Baseball 24.9 Build 80